 Dungeon Crawl Stone Soup version 0.20.1-1-g8b1a95d (webtiles) character file.

327084 equalderp2856 the Hoplite (level 20, -4/198 HPs)
             Began as a Minotaur Fighter on July 27, 2017.
             Killed by the air
             ... invoked by a spriggan air mage
              (11 damage)
             ... on level 3 of the Depths on July 28, 2017.
             The game lasted 06:15:58 (77277 turns).

equalderp2856 the Hoplite (Minotaur Fighter)       Turns: 77277, Time: 06:15:59

Health: -4/198     AC: 40    Str: 24    XL:     20   Next: 77%
Magic:  29/29      EV: 11    Int:  7    God:
Gold:   3520       SH: 17    Dex: 14    Spells: 19/19 levels left

rFire    . . .     SeeInvis +   y - +4 war axe (chop)
rCold    + . .     Gourm    .   c - +0 shield
rNeg     + . .     Faith    .   z - +9 plate armour of Ugeur {+Blink rN+ SInv}
rPois    .         Spirit   .   L - +1 hat {MR+}
rElec    .         Reflect  .   d - +2 cloak {rC+}
rCorr    .         Harm     .   v - +2 pair of gloves
MR       ++...                  (no boots)
Stlth    ..........             T - amulet of regeneration
Regen    0.9/turn               U - +4 ring of protection
MPRegen  0.3/turn               J - ring of magical power

@: no status effects
A: retaliatory headbutt, horns 2
}: 2/15 runes: decaying, gossamer
a: Evoke Blink


You were on level 3 of the Depths.
You were hungry.

You visited 6 branches of the dungeon, and saw 34 of its levels.
You also visited: Labyrinth, Sewer and Ice Cave.

You collected 3737 gold pieces.
You spent 217 gold pieces at shops.

Inventory:

Hand Weapons
 e - a +1 blowgun
 y - a +4 war axe of chopping (weapon)
 A - a +0 broad axe
 N - a +1 hunting sling of velocity
 Q - a +0 battleaxe
 S - the +3 trident of Defiance {pierce, Dex+3}
   (You found it on level 6 of the Lair of Beasts)

   It inflicts extra damage upon your enemies.
   It affects your dexterity (+3).
 W - a +0 battleaxe of freezing
Armour
 c - a +0 shield (worn)
 d - a +2 cloak of cold resistance (worn)
 i - a +1 chain mail of magic resistance
 k - a +2 robe of cold resistance
 m - a +1 buckler of reflection
 u - +0 gold dragon scales
 v - a +2 pair of gloves (worn)
 z - the +9 plate armour of Ugeur (worn) {+Blink rN+ SInv}
   (You found it on level 2 of the Depths)

   It protects you from negative energy.
   It lets you see invisible.
   It lets you blink.
 H - a +2 plate armour of cold resistance
 L - a +1 hat of magic resistance (worn)
 Y - the +8 ring mail of Indecent Exposure {rC+}
   (You took it off an orc priest on level 6 of the Dungeon)

   It protects you from cold.
Jewellery
 h - an uncursed ring of poison resistance
 j - an uncursed amulet of rage
 r - an uncursed ring of see invisible
 C - an uncursed amulet of the gourmand
 D - an uncursed ring of positive energy
 J - a ring of magical power (right hand)
 T - an amulet of regeneration (around neck)
 U - a +4 ring of protection (left hand)
Wands
 b - a wand of clouds (0/9)
 l - a wand of disintegration (11/24)
 n - a wand of confusion (25/48)
 s - a wand of acid (7/15)
 F - a wand of paralysis (13/24)
 M - a wand of lightning (3/15)
 O - a wand of digging (5/24)
 R - a wand of scattershot (0/9)
Scrolls
 q - 4 scrolls of fear
 E - 3 scrolls of immolation
 P - 2 scrolls of remove curse
 X - 2 scrolls of identify
Potions
 g - 12 potions of curing
 o - a potion of ambrosia
 w - a potion of haste
 x - a potion of agility
 G - 3 potions of flight
 I - 6 potions of lignification
 K - a potion of heal wounds
 Z - a potion of brilliance
Miscellaneous
 a - a sack of spiders
 B - a lightning rod (inert)
 V - a phial of floods
Comestibles
 f - 24 bread rations
 p - 14 fruits
 t - 4 meat rations


   Skills:
 + Level 21.1 Fighting
 + Level 21.2(21.8) Axes
 + Level 10.2(17.0) Polearms
   Level 0.5(6.4) Staves
 + Level 19.7 Armour
 + Level 5.1 Dodging
 + Level 2.2 Stealth
 + Level 21.4 Shields
 + Level 1.3 Evocations


You had 19 spell levels left.
You didn't know any spells.

Dungeon Overview and Level Annotations

Branches:
Dungeon (15/15)            Temple (0/1) D:4            Lair (6/6) D:9
  Swamp (4/4) Lair:3       Spider (4/4) Lair:2        Slime (0/5) Lair:5
    Orc (2/2) D:11            Elf (0/3) Orc:2        Vaults (0/5) D:13
 Depths (3/5) D:15

Altars:
Ashenzari
Cheibriados
Dithmenos
Fedhas
Gozag
Kikubaaqudgha
Okawaru
Qazlal
Sif Muna
Trog
Vehumet
Zin
Jiyva

Shops:
D:8 *   D:11 (   D:13 (   D:15 !   Orc:1 [   Orc:2 %*[:(   Depths:1 }=}

Portals:
Hell: Depths:1 Depths:2 Depths:3
Pandemonium: Depths:3
Ziggurat: Depths:2

Annotations:
Spider:2 Asterion
Depths:1 exclusion: orange crystal statue
Depths:2 Frederick


Innate Abilities, Weirdness & Mutations

You reflexively headbutt those who attack you in melee.
You have a pair of horns on your head.


Message History

The spriggan air mage waves its arms in wide circles.
The air twists around and strikes you! You block the tengu reaver's attack.
The tengu reaver pecks you but does no damage.
The tengu reaver claws you but does no damage.
The sphinx casts a spell.
You resist with almost no effort.
The spriggan air mage waves its arms in wide circles.
The air twists around and strikes you!
The tengu reaver points at you and mumbles some strange words.
The bolt of magma hits you!
The battlesphere fires!
The barrage of energy hits you!
The spriggan air mage waves its arms in wide circles.
The air twists around and strikes you!
* * * LOW HITPOINT WARNING * * *
The sphinx casts a spell.
Something smites you!
* * * LOW HITPOINT WARNING * * *
The spriggan air mage waves its arms in wide circles.
The air twists around and strikes you!
You die...

...... ####...#.#.
..#......####.#......'.
.#.......#........#.'.
'.......#.§.≈....#.#.
#..........§≈....#.##
#.§≈....(÷§§§...##..#
##..≈..§§§§....[......
##......§≈≈..#.........
##..HC.@.§§...#.........
#....Q.##....##.......## ##
#....####.##.##........#
#[##.†..##§§§.............#
#..i.Q...§§≈≈§§..†......##
##.#.)....§§≈§≈§.........#
##.##.......≈≈≈§§.........##
###'###....##.§.........>.....
##.....##...#....#...........()


You could see a sphinx, a tengu reaver, an ettin and a spriggan air mage.

Vanquished Creatures
  Mara (D:15)
  A golden dragon (Depths:1)
  Arachne (Spider:3)
  2 tentacled monstrosities
  3 liches (Depths:1)
  A thorn hunter (Swamp:4)
  Donald (Spider:3)
  3 sphinxes
  Gastronok (Lair:1)
  A tengu reaver (Depths:1)
  4 fire giants
  7 ghost moths
  2 frost giants
  An orc warlord (Orc:2)
  9 emperor scorpions
  2 ghouls
  2 spriggan defenders (Depths:2)
  21 very ugly things
  3 vampire knights
  19 stone giants
  6 entropy weavers
  2 spark wasps (Spider:4)
  A dire elephant (Lair:5)
  5 ettins
  Josephine (D:14)
  A green death (Depths:2)
  A minotaur (Lab)
  6 fire dragons
  7 ice dragons
  3 yaktaur captains
  5 ogre magi
  The ghost of Ferkelamun the Spry, a journeyman FeTm of Okawaru (Spider:1)
  4 great orbs of eyes
  20 hydras
  6 jiangshi
  2 rakshasas
  2 ghost crabs (Swamp:4)
  A vault guard (D:13)
  2 spriggan air magi
  The ghost of Exporg the Basher, a novice MiFi of Okawaru (D:9)
  4 alligators
  9 deep troll shamans
  A queen ant (Spider:3)
  2 centaur warriors
  5 deep troll earth magi
  23 two-headed ogres
  3 tengu warriors
  2 vampire magi (Depths:2)
  6 death yaks
  5 spriggans
  2 soul eaters
  4 orc high priests (Orc:2)
  Nergalle (Lair:1)
  A spriggan berserker (Depths:3)
  3 iron trolls
  4 skeletal warriors (D:11)
  A spark wasp zombie (Depths:1)
  A spriggan druid (Swamp:4)
  14 deep trolls
  An unseen horror (shapeshifter) (Depths:1)
  12 swamp dragons
  An unseen horror (D:13)
  4 orc knights
  3 shambling mangroves
  4 necromancers
  A lindwurm (Lair:6)
  A wolf spider zombie (D:14)
  2 wizards (Depths:1)
  45 wolf spiders
  6 cyclopes
  22 ugly things
  17 orb spiders
  5 orc sorcerers
  A moth of wrath (Spider:3)
  8 black mambas
  2 manticores (D:15)
  6 elephants (Lair:6)
  An ice statue (IceCv)
  28 spiny frogs
  A frost giant skeleton (Depths:1)
  3 torpor snails
  3 gargoyles
  3 kobold demonologists
  6 rime drakes
  7 yaktaurs
  10 freezing wraiths (IceCv)
  16 demonic crawlers
  2 tengu conjurers
  12 komodo dragons
  2 polar bears
  5 tyrant leeches
  35 jumping spiders
  24 hornets
  33 blink frogs
  Grinder (D:5)
  11 bog bodies
  3 trolls
  A frost giant simulacrum (Depths:1)
  13 dream sheep
  An iron dragon simulacrum (Depths:1)
  35 slime creatures
  14 hippogriffs
  6 shadows
  Sigmund (D:4)
  A deep troll zombie (Depths:1)
  An ettin skeleton (Depths:1)
  2 air elementals (Depths:1)
  A spriggan skeleton (Depths:1)
  92 redbacks
  A spriggan (shapeshifter) (Depths:1)
  A fire elemental (D:15)
  32 tarantellas
  4 wraiths (D:14)
  5 wyverns
  42 yaks
  2 hogs (D:7)
  A human (D:7)
  9 water elementals
  A basilisk (shapeshifter) (Depths:3)
  3 hungry ghosts
  6 basilisks
  2 steam dragons (D:11)
  A steam dragon (shapeshifter) (D:15)
  A neqoxec (Depths:3)
  12 vampire mosquitoes
  2 wargs
  7 soldier ants
  14 insubstantial wisps
  Menkaure (D:7)
  16 swamp worms
  14 porcupines
  17 water moccasins
  Purgy (Sewer)
  5 sky beasts
  An alligator simulacrum (IceCv)
  39 orc warriors
  12 swamp drakes
  10 ice beasts
  A hornet zombie (D:5)
  2 phantoms
  17 wolves
  17 ogres
  9 centaurs
  4 big kobolds
  10 crocodiles
  Blork the orc (D:4)
  25 bullfrogs
  A yaktaur skeleton (Depths:1)
  4 scorpions
  An elephant simulacrum (IceCv)
  10 wights
  23 killer bees
  8 electric eels
  A lava snake (D:15)
  7 howler monkeys
  8 crimson imps
  3 bullfrog zombies
  4 centaur zombies
  A gnoll shaman (D:4)
  A quasit (D:5)
  3 draconian simulacra (IceCv)
  16 jellies
  4 hounds
  32 orc wizards
  29 orc priests
  3 bullfrog skeletons
  Jessica (D:3)
  7 iguanas
  2 centaur skeletons
  A polar bear simulacrum (IceCv)
  6 troll simulacra (IceCv)
  35 worker ants
  A wolf simulacrum (IceCv)
  4 centaur simulacra (IceCv)
  A hound zombie (D:8)
  2 hound skeletons (D:5)
  A mummy (D:6)
  Robin (D:3)
  9 gnolls
  19 adders
  4 naga simulacra (IceCv)
  3 ogre simulacra (IceCv)
  7 shadow imps
  11 white imps (IceCv)
  2 worms (D:2)
  A dart slug (D:2)
  5 leopard geckos
  83 orcs
  2 ball pythons
  7 giant cockroaches
  17 goblins
  11 hobgoblins
  4 jackals (D:4)
  22 kobolds
  5 quokkas
  2 bats (D:1)
  2 frilled lizards
  A leopard gecko zombie (D:7)
  15 rats
  5 fungi
  3 plants (Lair:6)
1577 creatures vanquished.

Vanquished Creatures (others)
  An orb spider (Spider:4)
  A hornet (Swamp:4)
  A blink frog (Lair:5)
  2 redbacks (Spider:4)
  A spriggan (Swamp:4)
  A white imp (IceCv)
  7 fungi
  21 plants
35 creatures vanquished.

Grand Total: 1612 creatures vanquished

Notes
Turn   | Place    | Note
-------+----------+-------------------------------------------
     0 | D:1      | equalderp2856 the Minotaur Fighter began the quest for the Orb.
     0 | D:1      | Reached XP level 1. HP: 19/19 MP: 0/0
   225 | D:1      | Reached XP level 2. HP: 20/27 MP: 1/1
   743 | D:2      | Reached XP level 3. HP: 24/33 MP: 2/2
  1379 | D:2      | Found a deep blue altar of Sif Muna.
  1478 | D:2      | Found a stormy altar of Qazlal.
  1633 | D:2      | Found a shadowy altar of Dithmenos.
  1965 | D:3      | Reached XP level 4. HP: 41/41 MP: 3/3
  1985 | D:3      | Found a faded altar of an unknown god.
  2035 | D:3      | Noticed Robin
  2057 | D:3      | Killed Robin
  2604 | D:3      | Noticed Jessica
  2608 | D:3      | Killed Jessica
  2608 | D:3      | Reached XP level 5. HP: 47/47 MP: 4/4
  2975 | D:4      | Found an iron altar of Okawaru.
  2984 | D:4      | Found a radiant altar of Vehumet.
  3010 | D:4      | Noticed Blork the orc
  3024 | D:4      | Killed Blork the orc
  3024 | D:4      | Reached skill level 5 in Axes
  3024 | D:4      | Reached skill level 5 in Armour
  3053 | D:4      | Noticed a phantom
  3056 | D:4      | Reached XP level 6. HP: 43/53 MP: 5/5
  3100 | D:5      | Entered Level 5 of the Dungeon
  3223 | D:5      | Noticed a sky beast
  3237 | D:5      | Killed a sky beast
  3237 | D:5      | Reached skill level 5 in Fighting
  3237 | D:5      | Reached skill level 5 in Shields
  3239 | D:5      | Reached XP level 7. HP: 28/61 MP: 6/6
  3277 | D:5      | Found a glowing drain.
  3302 | Sewer    | Entered a sewer
  3570 | Sewer    | Noticed Purgy
  3583 | Sewer    | Killed Purgy
  3803 | D:5      | Found a blossoming altar of Fedhas.
  4246 | D:5      | Noticed Grinder
  4257 | D:5      | Paralysed by Grinder for 4 turns
  4265 | D:5      | Paralysed by Grinder for 4 turns
  4291 | D:5      | Paralysed by Grinder for 2 turns
  4298 | D:5      | Paralysed by Grinder for 2 turns
  4302 | D:5      | Paralysed by Grinder for 3 turns
  4306 | D:5      | Killed Grinder
  4468 | D:4      | Reached XP level 8. HP: 70/70 MP: 7/7
  4911 | D:4      | Noticed Sigmund
  4982 | D:4      | Killed Sigmund
  5222 | D:4      | Found a staircase to the Ecumenical Temple.
  5282 | D:4      | Found a bloodstained altar of Trog.
  5794 | D:6      | Found a snail-covered altar of Cheibriados.
  5937 | D:6      | Reached XP level 9. HP: 67/78 MP: 8/8
  6009 | D:6      | Found an ancient bone altar of Kikubaaqudgha.
  6131 | D:6      | Found a glowing silver altar of Zin.
  6720 | D:6      | Got a faintly humming ring mail
  6810 | D:7      | Noticed Menkaure
  6811 | D:7      | Killed Menkaure
  6836 | D:7      | Reached skill level 10 in Axes
  7836 | D:8      | Reached XP level 10. HP: 83/88 MP: 9/9
  8055 | D:8      | Found Liyc Buo's General Store.
  8097 | D:8      | Found an opulent altar of Gozag.
  8715 | D:9      | Noticed a two-headed ogre
  8728 | D:8      | Killed a two-headed ogre
  8880 | D:9      | Noticed a two-headed ogre
  8888 | D:9      | Killed a two-headed ogre
  8900 | D:9      | Noticed a two-headed ogre
  8967 | D:8      | Killed a two-headed ogre
  9212 | D:9      | Reached skill level 10 in Shields
  9223 | D:9      | Noticed Exporg's ghost (novice MiFi)
  9257 | D:9      | Killed Exporg's ghost
  9257 | D:9      | Reached skill level 10 in Armour
  9297 | D:9      | Reached XP level 11. HP: 71/97 MP: 10/10
  9340 | D:9      | Found a shattered altar of Ashenzari.
  9394 | D:9      | Found a staircase to the Lair.
  9537 | D:9      | Noticed a two-headed ogre
  9550 | D:9      | Killed a two-headed ogre
  9943 | D:9      | Noticed a two-headed ogre
 10021 | D:9      | Killed a two-headed ogre
 10133 | D:10     | Entered Level 10 of the Dungeon
 11178 | D:11     | Found Diywn's Weapon Shop.
 11180 | D:11     | Noticed a green ugly thing
 11180 | D:11     | Found a staircase to the Orcish Mines.
 11202 | D:11     | Killed a green ugly thing
 12552 | Lair:1   | Entered Level 1 of the Lair of Beasts
 12703 | Lair:1   | Noticed Nergalle
 12714 | Lair:1   | Killed Nergalle
 12714 | Lair:1   | Reached skill level 10 in Fighting
 12920 | Lair:1   | Found a frozen archway.
 12944 | IceCv    | Entered an ice cave
 13199 | IceCv    | Reached skill level 1 in Dodging
 13465 | IceCv    | Reached XP level 12. HP: 38/108 MP: 11/11
 13694 | IceCv    | Found an ancient bone altar of Kikubaaqudgha.
 14856 | IceCv    | Identified the +8 ring mail of Indecent Exposure {rC+} (You took it off an orc priest on level 6 of the Dungeon)
 15231 | Lair:1   | Noticed Gastronok
 15377 | Lair:1   | Killed Gastronok
 16114 | Lair:1   | Reached skill level 15 in Axes
 16627 | Lair:2   | Noticed a four-headed hydra
 16655 | Lair:2   | Killed a four-headed hydra
 17181 | Lair:2   | Found a hole to the Spider Nest.
 17715 | Lair:3   | Reached XP level 13. HP: 84/117 MP: 12/12
 17812 | Lair:3   | Found a staircase to the Swamp.
 17971 | Lair:3   | Got a fine buckler
 18003 | Lair:3   | Identified the cursed -5 buckler "Tyuhid" {rPois Str+3} (You found it on level 3 of the Lair of Beasts)
 22825 | D:13     | Got a clouded ivory amulet
 23455 | D:13     | Found Ahook's Antique Weapon Shop.
 24235 | D:13     | Found a gate to the Vaults.
 24552 | Lair:1   | Identified the amulet of Amelioration {Reflect *Drain MR+ Str+5 SH+2} (You found it on level 13 of the Dungeon)
 24840 | D:13     | Reached XP level 14. HP: 129/129 MP: 13/13
 25092 | D:14     | Noticed Josephine
 25110 | D:15     | Entered Level 15 of the Dungeon
 25221 | D:15     | Found Jitinneo's Distillery.
 25372 | D:15     | Found a labyrinth entrance.
 25398 | Lab      | Entered a labyrinth
 28058 | D:15     | Found a viscous altar of Jiyva.
 28126 | D:15     | Found a staircase to the Depths.
 28227 | D:15     | Reached skill level 1 in Stealth
 28945 | D:15     | Reached skill level 1 in Polearms
 29065 | D:14     | Killed Josephine
 34304 | Lair:5   | Found a staircase to the Slime Pits.
 34522 | Lair:5   | Reached XP level 15. HP: 103/139 MP: 14/14
 34825 | Lair:6   | Entered Level 6 of the Lair of Beasts
 34838 | Lair:6   | Reached skill level 15 in Fighting
 34944 | Lair:6   | Reached skill level 15 in Shields
 37873 | Lair:6   | Got a translucent trident
 37876 | Lair:6   | Got an iridescent arbalest
 39645 | Orc:1    | Entered Level 1 of the Orcish Mines
 39720 | Orc:2    | Entered Level 2 of the Orcish Mines
 39804 | Orc:2    | Found a staircase to the Elven Halls.
 40142 | Orc:2    | Found a bloodstained altar of Trog.
 40189 | Orc:2    | Found Nimias's Food Shoppe.
 40788 | Orc:2    | Noticed an orc warlord
 41160 | Orc:2    | Killed an orc warlord
 41706 | Orc:2    | Reached skill level 15 in Armour
 41776 | Orc:2    | Found Ficwasei's Antique Armour Boutique.
 41815 | Orc:2    | Found Myupt's General Store.
 41816 | Orc:2    | Found Dyizelul's Book Boutique.
 41819 | Orc:2    | Found Efucec's Antique Weapon Shop.
 42145 | Orc:1    | Found Razosie's Antique Armour Shop.
 42779 | Orc:2    | Bought a pair of embroidered gloves for 217 gold pieces
 43465 | Lair:1   | Identified the +3 trident of Defiance {pierce, Dex+3} (You found it on level 6 of the Lair of Beasts)
 43471 | Lair:1   | Identified the +6 arbalest "Ulotum" {freeze, rN+ Str+4 Dex-4} (You found it on level 6 of the Lair of Beasts)
 43609 | Spider:1 | Entered Level 1 of the Spider Nest
 43655 | Spider:1 | Noticed Ferkelamun's ghost (journeyman FeTm)
 43930 | Spider:1 | Killed a ghost moth
 43958 | Spider:1 | Reached XP level 16. HP: 123/152 MP: 4/15
 45727 | Spider:1 | Killed Ferkelamun's ghost
 50033 | Spider:3 | Reached XP level 17. HP: 162/162 MP: 16/16
 50201 | Spider:4 | Entered Level 4 of the Spider Nest
 50201 | Spider:4 | Noticed Asterion
 50933 | Spider:4 | Noticed Donald
 51467 | Swamp:1  | Entered Level 1 of the Swamp
 51937 | Swamp:1  | Reached skill level 5 in Polearms
 55132 | Swamp:4  | Entered Level 4 of the Swamp
 56028 | Swamp:4  | Got a decaying rune of Zot
 56670 | Swamp:4  | Reached skill level 10 in Polearms
 57759 | Spider:3 | Killed Donald
 58041 | Spider:4 | Reached XP level 18. HP: 172/172 MP: 17/17
 58046 | Spider:4 | Noticed Arachne
 58568 | Spider:3 | Killed Arachne
 61061 | Spider:4 | Got a gossamer rune of Zot
 64282 | Depths:1 | Entered Level 1 of the Depths
 65523 | Depths:1 | Found a gateway to Hell.
 66015 | Depths:1 | Noticed a lich
 66238 | D:15     | Reached XP level 19. HP: 102/183 MP: 18/18
 67388 | Depths:1 | Noticed a lich
 67414 | Depths:1 | Paralysed by a lich for 6 turns
 67570 | Depths:1 | Killed a lich
 67982 | Depths:1 | Found Bexzur's Gadget Shop.
 68344 | Depths:1 | Noticed Mara
 68346 | Depths:1 | Noticed equalderp2856's illusion
 68651 | Depths:1 | Noticed equalderp2856's illusion
 68794 | Depths:1 | Noticed equalderp2856's illusion
 68946 | Depths:1 | Found Haenaaf's Jewellery Shoppe.
 68947 | Depths:1 | Found Tiowiz's Gadget Shop.
 69013 | D:15     | Noticed equalderp2856's illusion
 69136 | D:15     | Killed Mara
 69975 | D:15     | Reached skill level 1 in Evocations
 70231 | Depths:2 | Noticed a lich
 70263 | Depths:2 | Paralysed by a lich for 7 turns
 71543 | Depths:2 | Noticed a caustic shrike
 71853 | Depths:2 | Noticed a lich
 72011 | Depths:1 | Killed a lich
 72173 | Depths:2 | Noticed a golden dragon
 72289 | Depths:1 | Killed a golden dragon
 72425 | Depths:2 | Found a gateway to a ziggurat.
 73016 | Depths:2 | Reached XP level 20. HP: 181/193 MP: 19/19
 73952 | Depths:2 | Got a pitted plate armour
 73967 | Depths:2 | Identified the +9 plate armour of Ugeur {+Blink rN+ SInv} (You found it on level 2 of the Depths)
 74621 | Depths:1 | Reached skill level 5 in Dodging
 75585 | Depths:3 | Found a one-way gate leading to the halls of Pandemonium.
 76174 | Depths:3 | Noticed Frederick
 77277 | Depths:3 | HP: 7/198 [sphinx/divine providence (12)]
 77277 | Depths:3 | Killed from afar by a spriggan air mage

Skill      XL: |  1  2  3  4  5  6  7  8  9 10 11 12 13 14 15 16 17 18 19 20 |
---------------+-------------------------------------------------------------+-----
Fighting       | 4 5 6 8 9 10 11 13 14 16 17 18 19 20 21 | 21.1
Armour         | 4 5 6 7 8 10 11 12 13 14 15 16 18 19 | 19.7
Shields        | 4 5 7 8 10 11 12 13 14 15 17 18 19 20 21 | 21.4
Axes           | 3 4 5 6 7 9 11 12 14 15 16 17 18 19 20 21 | 21.2
Dodging        | 1 2 3 4 5 |  5.1
Stealth        | 1 2 |  2.2
Polearms       | 4 10 | 10.2
Evocations     | 1 |  1.3
Staves         | |  0.5

Action                   |  1- 3 |  4- 6 |  7- 9 | 10-12 | 13-15 | 16-18 | 19-21 || total
-------------------------+-------+-------+-------+-------+-------+-------+-------++-------
Melee: War axe           |    84 |   124 |   392 |   996 |  1677 |  1783 |  1046 ||  6102
       Headbutt          |    13 |    31 |    73 |   187 |   428 |   637 |   328 ||  1697
       Staff             |       |       |       |    20 |       |       |       ||    20
       Mace              |       |       |       |       |     8 |       |       ||     8
       Spear             |       |       |       |       |    66 |       |       ||    66
       Trident           |       |       |       |       |       |   829 |       ||   829
Evoke: Wand              |       |       |       |       |       |     4 |     4 ||     8
       Lightning rod     |       |       |       |       |       |     2 |     6 ||     8
       Sack of spiders   |       |       |       |       |       |       |     3 ||     3
  Use: Potion            |       |     2 |     1 |    13 |     4 |     2 |     7 ||    29
       Scroll            |       |       |       |     9 |    14 |    10 |     3 ||    36
 Stab: Held in net/web   |       |       |       |       |       |     3 |       ||     3
  Eat: Chunk             |     3 |     4 |    14 |    22 |    55 |    12 |    12 ||   122
       Fruit             |       |       |     2 |     2 |    10 |    24 |     8 ||    46
       Royal jelly       |       |       |       |     4 |     8 |     5 |     1 ||    18
       Meat ration       |       |       |       |       |     3 |     6 |     3 ||    12
Armor: Scale mail        |    20 |    27 |       |       |       |       |       ||    47
       Gold dragon scale |       |    74 |   295 |   520 |   366 |     2 |   251 ||  1508
       Skin              |       |       |       |    67 |       |       |       ||    67
       Robe              |       |       |       |     1 |     1 |       |       ||     2
       Plate armour      |       |       |       |       |   554 |  1758 |   356 ||  2668
       Leather armour    |       |       |       |       |     2 |       |       ||     2
Dodge: Dodged            |    19 |    11 |    18 |   138 |   431 |   847 |   243 ||  1707
Block: Shield            |    48 |    74 |   213 |   600 |   598 |  1957 |   754 ||  4244
       Buckler           |       |       |       |       |   207 |       |       ||   207
